Dynamic Boxscore Link
Tucson
Muertos
27-14
1
FINAL
2
Seattle
Stormbreakers
16-30
Summary
Boxscore
Lineups
Recap

2nd Period

1-0 STMScore
1:02Time
5v5Type
2-0 STMScore
17:24Time
5v5Type

3rd Period

2-1 STMScore
2:28Time
5v5Type

Penalties

2nd Period
Blaz Ivanic (STM) for Tripping (Minor) at 3:09
Ivan Crete (STM) for Tripping (Minor) at 12:07
MUE
STM

Tucson Muertos

# Player Pos G A PTS +/- S PIM TOI SB Hits GA TA
12 Hale Labrecque RW 1 0 1 -1 3 0 19:07 0 0 0 0
2 Luke Vanni D 0 1 1 1 0 0 28:33 2 3 0 1
0 Leonard Bjorklund RW 0 0 0 0 0 0 07:19 0 0 0 0
0 Braydon Trinh C 0 0 0 0 1 0 07:04 0 1 0 0
82 Zackary Nowry C 0 0 0 0 2 0 18:01 1 4 0 0
38 Donavon Sorley LW 0 0 0 -1 1 0 18:00 1 1 1 0
6 Vsevolod Neretin D 0 0 0 -2 5 0 11:59 0 0 0 0
3 Casey Mctavish D 0 0 0 -2 2 0 23:13 3 2 0 2
23 Dalen Palmateer C 0 0 0 0 2 0 18:59 0 4 0 1
5 Akio Nishiwaki D 0 0 0 1 0 0 28:02 2 9 0 1
88 Elie Van Der Male C 0 0 0 -1 2 0 17:54 0 0 0 0
28 Feng Xingyi LW 0 0 0 0 2 0 18:59 0 0 0 1
22 Kody Schutz LW 0 0 0 0 4 0 16:03 0 0 1 0
87 Artem Ivalahti RW 0 0 0 0 0 0 17:53 0 0 1 0
24 Bruno-Carl Young RW 0 0 0 0 2 0 15:48 0 0 0 0
95 Zayden Rankine LW 0 0 0 0 3 0 07:04 0 1 0 0
4 Carl Stiles D 0 0 0 0 3 0 21:20 3 2 0 1
9 Marcel Kacmarik D 0 0 0 0 0 0 04:42 0 0 0 0
# Goalie GA SA SV SV% TOI
1 Lars-Bjorn Sundholm 2 41 39 0.951 59:00
31 Andrew Wiewel 0 0 0 0.000 0:00
MUE
STM

Muertos

Muertos

5 vs 5 Forward
Line #Left WingCenterRight WingPHYDFOFWanted %Time %Time Play
1Feng XingyiDalen PalmateerBruno-Carl Young0053329%15:48
2Donavon SorleyElie Van Der MaleHale Labrecque1043329%15:54
3Kody SchutzZackary NowryArtem Ivalahti0053329%16:03
4Zayden RankineBraydon TrinhLeonard Bjorklund050113%7:04
5 vs 5 Defense
Line #DefenseDefensePHYDFOFWanted %Time %Time Play
1Luke VanniAkio Nishiwaki0233536%19:56
2Carl StilesCasey Mctavish0323533%18:18
3Casey MctavishVsevolod Neretin0322021%11:18
4Luke VanniAkio Nishiwaki0231010%5:17
Power Play Forward
Line #Left WingCenterRight WingPHYDFOFWanted %Time %Time Play
1Feng XingyiDalen PalmateerZackary Nowry0055050%1:58
2Artem IvalahtiElie Van Der MaleHale Labrecque0055050%2:00
Power Play Defense
Line #DefenseDefensePHYDFOFWanted %Time %Time Play
1Luke VanniAkio Nishiwaki0055053%2:07
2Donavon SorleyCarl Stiles0055047%1:51
Penalty Kill 4 Players Forward
Line #CenterWingPHYDFOFWanted %Time %Time Play
1Donavon SorleyBruno-Carl Young050500%0:00
2Dalen PalmateerKody Schutz050500%0:00
Penalty Kill 4 Players Defense
Line #DefenseDefensePHYDFOFWanted %Time %Time Play
1Casey MctavishVsevolod Neretin050500%0:00
2Luke VanniMarcel Kacmarik050500%0:00
Penalty Kill 3 Players
Line #WingPHYDFOFWanted %Time %Time PlayDefenseDefensePHYDFOFWanted %Time %Time Play
1Feng Xingyi050500%0:00 Casey MctavishVsevolod Neretin050500%0:00
2Dalen Palmateer050500%0:00 Luke VanniMarcel Kacmarik050500%0:00
4 vs 4 Forward
Line #CenterWingPHYDFOFWanted %Time %Time Play
1Dalen PalmateerFeng Xingyi005500%0:00
2Elie Van Der MaleDonavon Sorley032500%0:00
4 vs 4 Defense
Line #DefensePHYDFOFWanted %Time %Time Play
1Luke VanniCarl Stiles032500%0:00
2Marcel KacmarikAkio Nishiwaki032500%0:00
Last Minutes Offensive
Left WingCenterRight WingDefenseDefense
Feng XingyiDalen PalmateerHale LabrecqueLuke VanniCarl Stiles
Last Minutes Defensive
Left WingCenterRight WingDefenseDefense
Donavon SorleyElie Van Der MaleBruno-Carl YoungCasey MctavishVsevolod Neretin
Time
Total ForwardTotal DefenseLast Minutes OffensiveLast Minutes Defensive
60:00 60:00 1:130:00
Extra Forwards
Normal PowerPlayPenalty Kill
Dalen Palmateer, Kody Schutz, Donavon SorleyDalen Palmateer, Kody SchutzDalen Palmateer
Extra Defensemen
Normal PowerPlayPenalty Kill
Luke Vanni, Marcel Kacmarik, Carl StilesLuke Vanni, Marcel KacmarikLuke Vanni
Penalty Shots
Casey Mctavish, Zayden Rankine, Artem Ivalahti, Feng Xingyi, Hale Labrecque
Goalie
Lars-Bjorn Sundholm, Andrew Wiewel
Custom OT Lines Forwards
Dalen Palmateer, Feng Xingyi, Donavon Sorley, Hale Labrecque, Bruno-Carl Young, Kody Schutz, Elie Van Der Male, Zackary Nowry, Artem Ivalahti, Zayden Rankine
Custom OT Lines Defensemen
Luke Vanni, Carl Stiles, Marcel Kacmarik, Vsevolod Neretin, Casey Mctavish
Scratches
Jaryd Rooke (Sprained Right Knee Injury)
1st Period

0:01 of 1st period - Dalen Palmateer wins face-off versus Jan Poulsen in neutral zone.
1:30 of 1st period - Anrei Loukonen is hit by Carl Stiles and loses puck.
1:56 of 1st period - Wrist shot by Carl Stiles.
1:56 of 1st period - Stopped by Karl Pyy without a rebound.
1:57 of 1st period - Zackary Nowry wins face-off versus Blaz Ivanic in Stormbreakers zone.
2:06 of 1st period - Snap shot by Blaz Ivanic.
2:06 of 1st period - Shot Blocked by Casey Mctavish.
2:08 of 1st period - Wrist shot by Jerri Narmala.
2:08 of 1st period - Deflect By Bernt-Erik Takkinen.
2:08 of 1st period - Shot Misses the Net.
2:08 of 1st period - Puck is out of play.
2:09 of 1st period - Zane Bourbonnais wins face-off versus Elie Van Der Male in Muertos zone.
2:38 of 1st period - Snap shot by Rodion Betremeyev.
2:38 of 1st period - Stopped by Lars-Bjorn Sundholm with a rebound.
2:40 of 1st period - Slapshot by Vladilen Avtomov.
2:40 of 1st period - Stopped by Lars-Bjorn Sundholm without a rebound.
2:41 of 1st period - Zackary Nowry wins face-off versus Ivan Crete in Muertos zone.
2:50 of 1st period - Snap shot by Rodion Betremeyev.
2:50 of 1st period - Shot Misses the Net.
2:57 of 1st period - Slapshot by Vsevolod Neretin.
2:57 of 1st period - Stopped by Karl Pyy with a rebound.
2:59 of 1st period - Backhand shot by Casey Mctavish.
2:59 of 1st period - Shot Blocked by Rasmus Koso.
3:01 of 1st period - Wrist shot by Kody Schutz.
3:01 of 1st period - Shot Blocked by Rasmus Koso.
3:03 of 1st period - Snap shot by Vsevolod Neretin.
3:03 of 1st period - Stopped by Karl Pyy without a rebound.
3:04 of 1st period - Wray Flamand wins face-off versus Dalen Palmateer in Stormbreakers zone.
3:09 of 1st period - Wrist shot by Jan Poulsen.
3:09 of 1st period - Stopped by Lars-Bjorn Sundholm with a rebound.
3:33 of 1st period - Slapshot by Jerri Narmala.
3:33 of 1st period - Shot Misses the Net.
4:43 of 1st period - Slapshot by Jan Poulsen.
4:43 of 1st period - Stopped by Lars-Bjorn Sundholm with a rebound.
4:45 of 1st period - Snap shot by Ken Maclewis.
4:45 of 1st period - Shot Blocked by Carl Stiles.
5:51 of 1st period - Wrist shot by Kody Schutz.
5:51 of 1st period - Stopped by Karl Pyy without a rebound.
5:52 of 1st period - Zane Bourbonnais wins face-off versus Dalen Palmateer in Stormbreakers zone.
6:50 of 1st period - Wrist shot by Rodion Betremeyev.
6:50 of 1st period - Stopped by Lars-Bjorn Sundholm without a rebound.
6:51 of 1st period - Ivan Crete wins face-off versus Zackary Nowry in Muertos zone.
7:06 of 1st period - Snap shot by Ivan Crete.
7:06 of 1st period - Stopped by Lars-Bjorn Sundholm without a rebound.
7:07 of 1st period - Zane Bourbonnais wins face-off versus Dalen Palmateer in Muertos zone.
7:36 of 1st period - Wrist shot by Kody Schutz.
7:36 of 1st period - Stopped by Karl Pyy with a rebound.
8:08 of 1st period - Snap shot by Donavon Sorley.
8:08 of 1st period - Shot Misses the Net.
8:10 of 1st period - Snap shot by Elie Van Der Male.
8:10 of 1st period - Stopped by Karl Pyy without a rebound.
8:11 of 1st period - Wray Flamand wins face-off versus Dalen Palmateer in Stormbreakers zone.
8:43 of 1st period - Snap shot by Moses Schira.
8:43 of 1st period - Stopped by Lars-Bjorn Sundholm without a rebound.
8:44 of 1st period - Elie Van Der Male wins face-off versus Zane Bourbonnais in Muertos zone.
8:49 of 1st period - Wrist shot by Elie Van Der Male.
8:49 of 1st period - Stopped by Karl Pyy with a rebound.
8:51 of 1st period - Snap shot by Vsevolod Neretin.
8:51 of 1st period - Shot Misses the Net.
9:13 of 1st period - Slapshot by Zackary Nowry.
9:13 of 1st period - Stopped by Karl Pyy without a rebound.
9:14 of 1st period - Zackary Nowry wins face-off versus Ivan Crete in Stormbreakers zone.
9:33 of 1st period - Wrist shot by Rodion Betremeyev.
9:33 of 1st period - Shot Misses the Net.
9:48 of 1st period - Slapshot by Zackary Nowry.
9:48 of 1st period - Shot Misses the Net.
9:50 of 1st period - Slapshot by Akio Nishiwaki.
9:50 of 1st period - Shot Blocked by Keli Parayko.
9:52 of 1st period - Snap shot by Kody Schutz.
9:52 of 1st period - Shot Misses the Net.
10:31 of 1st period - Slapshot by Zackary Nowry.
10:31 of 1st period - Stopped by Karl Pyy with a rebound.
10:33 of 1st period - Snap shot by Kody Schutz.
10:33 of 1st period - Stopped by Karl Pyy with a rebound.
10:57 of 1st period - Snap shot by Rodion Betremeyev.
10:57 of 1st period - Stopped by Lars-Bjorn Sundholm without a rebound.
10:58 of 1st period - Dalen Palmateer wins face-off versus Wray Flamand in Muertos zone.
11:53 of 1st period - Wrist shot by Leonard Bjorklund.
11:53 of 1st period - Shot Misses the Net.
11:55 of 1st period - Snap shot by Vsevolod Neretin.
11:55 of 1st period - Stopped by Karl Pyy with a rebound.
11:57 of 1st period - Snap shot by Braydon Trinh.
11:57 of 1st period - Stopped by Karl Pyy with a rebound.
11:59 of 1st period - Snap shot by Braydon Trinh.
11:59 of 1st period - Shot Blocked by Zane Bourbonnais.
12:01 of 1st period - Backhand shot by Leonard Bjorklund.
12:01 of 1st period - Shot Blocked by Vladilen Avtomov.
12:33 of 1st period - Slapshot by Blaz Ivanic.
12:33 of 1st period - Shot Misses the Net.
12:45 of 1st period - Jan Poulsen is hit by Braydon Trinh and loses puck.
13:17 of 1st period - Akio Nishiwaki is hit by Bernt-Erik Takkinen.
13:18 of 1st period - Icing by Akio Nishiwaki.
13:19 of 1st period - Zane Bourbonnais wins face-off versus Hale Labrecque in Muertos zone.
13:24 of 1st period - Snap shot by Zane Bourbonnais.
13:24 of 1st period - Shot Misses the Net.
13:26 of 1st period - Slapshot by Keli Parayko.
13:26 of 1st period - Stopped by Lars-Bjorn Sundholm without a rebound.
13:27 of 1st period - Zane Bourbonnais wins face-off versus Dalen Palmateer in Muertos zone.
13:36 of 1st period - Konosuke Matsui is hit by Dalen Palmateer and loses puck.
14:35 of 1st period - Feng Xingyi is hit by Keli Parayko and loses puck.
14:46 of 1st period - Snap shot by Ivan Crete.
14:46 of 1st period - Stopped by Lars-Bjorn Sundholm with a rebound.
14:48 of 1st period - Slapshot by Ivan Crete.
14:48 of 1st period - Shot Misses the Net.
14:58 of 1st period - Wrist shot by Zane Bourbonnais.
14:58 of 1st period - Shot Misses the Net.
15:00 of 1st period - Snap shot by Israel Swenson.
15:00 of 1st period - Stopped by Lars-Bjorn Sundholm with a rebound.
15:19 of 1st period - Hale Labrecque is hit by Wray Flamand.
15:44 of 1st period - Kody Schutz is hit by Jerri Narmala and loses puck.
16:21 of 1st period - Braydon Trinh is hit by Vladilen Avtomov and loses puck.
17:37 of 1st period - Slapshot by Rasmus Koso.
17:37 of 1st period - Stopped by Lars-Bjorn Sundholm without a rebound.
17:38 of 1st period - Dalen Palmateer wins face-off versus Blaz Ivanic in Muertos zone.
17:51 of 1st period - Blaz Ivanic is hit by Akio Nishiwaki and loses puck.
18:11 of 1st period - Snap shot by Per-Axel Ekengren.
18:11 of 1st period - Shot Misses the Net.
18:45 of 1st period - Slapshot by Blaz Ivanic.
18:45 of 1st period - Shot Blocked by Luke Vanni.
19:03 of 1st period - Slapshot by Konosuke Matsui.
19:03 of 1st period - Shot Blocked by Luke Vanni.
19:12 of 1st period - Off-side.
19:13 of 1st period - Braydon Trinh wins face-off versus Wray Flamand in neutral zone.
19:20 of 1st period - Snap shot by Carl Stiles.
19:20 of 1st period - Stopped by Karl Pyy with a rebound.
19:22 of 1st period - Wrist shot by Zayden Rankine.
19:22 of 1st period - Stopped by Karl Pyy without a rebound.
19:23 of 1st period - Dalen Palmateer wins face-off versus Blaz Ivanic in Stormbreakers zone.
Goals for this period are 0 for Muertos vs 0 for Stormbreakers.
Shots for this period are 14 for Muertos vs 12 for Stormbreakers.
2nd Period

0:01 of 2nd period - Wray Flamand wins face-off versus Dalen Palmateer in neutral zone.
0:09 of 2nd period - Luke Vanni is hit by Anrei Loukonen and loses puck.
0:51 of 2nd period - Akio Nishiwaki is hit by Zane Bourbonnais and loses puck.
0:58 of 2nd period - Snap shot by Israel Swenson.
0:58 of 2nd period - Stopped by Lars-Bjorn Sundholm without a rebound.
0:59 of 2nd period - Blaz Ivanic wins face-off versus Dalen Palmateer in Muertos zone.
1:02 of 2nd period - Snap shot by Blaz Ivanic.
1:02 of 2nd period - Goal by Blaz Ivanic - Muertos : 0 - Stormbreakers : 1.
1:03 of 2nd period - Bruno-Carl Young wins face-off versus Wray Flamand in neutral zone.
1:12 of 2nd period - Rasmus Koso is hit by Dalen Palmateer and loses puck.
1:35 of 2nd period - Wrist shot by Blaz Ivanic.
1:35 of 2nd period - Shot Blocked by Casey Mctavish.
1:37 of 2nd period - Slapshot by Patrik Kosatka.
1:37 of 2nd period - Stopped by Lars-Bjorn Sundholm with a rebound.
1:39 of 2nd period - Slapshot by Keli Parayko.
1:39 of 2nd period - Shot Misses the Net.
2:12 of 2nd period - Off-side.
2:13 of 2nd period - Zayden Rankine wins face-off versus Zane Bourbonnais in neutral zone.
2:25 of 2nd period - Rasmus Koso is hit by Luke Vanni and loses puck.
3:02 of 2nd period - Slapshot by Luke Vanni.
3:02 of 2nd period - Shot Misses the Net.
3:04 of 2nd period - Slapshot by Kody Schutz.
3:04 of 2nd period - Shot Hit the Post.
3:09 of 2nd period - Minor Penalty to Blaz Ivanic for Tripping.
3:10 of 2nd period - Dalen Palmateer wins face-off versus Wray Flamand in Stormbreakers zone.
5:09 of 2nd period - Penalty to Blaz Ivanic is over, Blaz Ivanic is back on ice.
7:14 of 2nd period - Zackary Nowry is hit by Vladilen Avtomov and loses puck.
8:02 of 2nd period - Icing by Konosuke Matsui.
8:03 of 2nd period - Zane Bourbonnais wins face-off versus Elie Van Der Male in Stormbreakers zone.
8:12 of 2nd period - Wrist shot by Rasmus Koso.
8:12 of 2nd period - Deflect By Zane Bourbonnais.
8:12 of 2nd period - Stopped by Lars-Bjorn Sundholm with a rebound.
8:20 of 2nd period - Konosuke Matsui is hit by Luke Vanni and loses puck.
9:22 of 2nd period - Wrist shot by Leonard Bjorklund.
9:22 of 2nd period - Shot Misses the Net.
9:24 of 2nd period - Wrist shot by Vsevolod Neretin.
9:24 of 2nd period - Shot Blocked by Jerri Narmala.
9:41 of 2nd period - Patrik Kosatka is hit by Akio Nishiwaki and loses puck.
9:58 of 2nd period - Anrei Loukonen is hit by Zackary Nowry and loses puck.
10:30 of 2nd period - Vladilen Avtomov is hit by Dalen Palmateer.
10:42 of 2nd period - Bernt-Erik Takkinen is hit by Carl Stiles and loses puck.
10:55 of 2nd period - Wrist shot by Zayden Rankine.
10:55 of 2nd period - Stopped by Karl Pyy with a rebound.
11:31 of 2nd period - Off-side.
11:32 of 2nd period - Ivan Crete wins face-off versus Zackary Nowry in neutral zone.
11:37 of 2nd period - Snap shot by Per-Axel Ekengren.
11:37 of 2nd period - Stopped by Lars-Bjorn Sundholm with a rebound.
11:40 of 2nd period - Icing by Vsevolod Neretin.
11:41 of 2nd period - Zackary Nowry wins face-off versus Wray Flamand in Muertos zone.
11:58 of 2nd period - Snap shot by Artem Ivalahti.
11:58 of 2nd period - Shot Misses the Net.
12:00 of 2nd period - Snap shot by Carl Stiles.
12:00 of 2nd period - Shot Misses the Net.
12:02 of 2nd period - Slapshot by Carl Stiles.
12:02 of 2nd period - Shot Misses the Net.
12:04 of 2nd period - Slapshot by Vsevolod Neretin.
12:04 of 2nd period - Deflect By Wray Flamand.
12:04 of 2nd period - Stopped by Karl Pyy without a rebound.
12:05 of 2nd period - Ivan Crete wins face-off versus Elie Van Der Male in Stormbreakers zone.
12:07 of 2nd period - Minor Penalty to Ivan Crete for Tripping.
12:08 of 2nd period - Anrei Loukonen wins face-off versus Dalen Palmateer in Stormbreakers zone.
12:08 of 2nd period - Anrei Loukonen is hit by Akio Nishiwaki.
12:22 of 2nd period - Per-Axel Ekengren is hit by Akio Nishiwaki and loses puck.
12:40 of 2nd period - Backhand shot by Konosuke Matsui.
12:40 of 2nd period - Shot Misses the Net.
14:07 of 2nd period - Penalty to Ivan Crete is over, Ivan Crete is back on ice.
14:27 of 2nd period - Slapshot by Vsevolod Neretin.
14:27 of 2nd period - Stopped by Karl Pyy without a rebound.
14:28 of 2nd period - Zane Bourbonnais wins face-off versus Braydon Trinh in Stormbreakers zone.
15:18 of 2nd period - Per-Axel Ekengren is hit by Zackary Nowry and loses puck.
15:31 of 2nd period - Blaz Ivanic is hit by Akio Nishiwaki and loses puck.
15:55 of 2nd period - Slapshot by Dalen Palmateer.
15:55 of 2nd period - Stopped by Karl Pyy with a rebound.
16:21 of 2nd period - Slapshot by Zayden Rankine.
16:21 of 2nd period - Stopped by Karl Pyy without a rebound.
16:22 of 2nd period - Elie Van Der Male wins face-off versus Ivan Crete in Stormbreakers zone.
16:49 of 2nd period - Donavon Sorley is hit by Moses Schira and loses puck.
17:03 of 2nd period - Slapshot by Ken Maclewis.
17:03 of 2nd period - Shot Misses the Net.
17:24 of 2nd period - Wrist shot by Israel Swenson.
17:24 of 2nd period - Goal by Israel Swenson - Muertos : 0 - Stormbreakers : 2.
17:25 of 2nd period - Dalen Palmateer wins face-off versus Jan Poulsen in neutral zone.
18:01 of 2nd period - Jerri Narmala is hit by Zackary Nowry and loses puck.
18:50 of 2nd period - Zane Bourbonnais is hit by Zayden Rankine.
19:22 of 2nd period - Rodion Betremeyev is hit by Dalen Palmateer and loses puck.
19:31 of 2nd period - Slapshot by Feng Xingyi.
19:31 of 2nd period - Shot Misses the Net.
19:33 of 2nd period - Snap shot by Bruno-Carl Young.
19:33 of 2nd period - Stopped by Karl Pyy with a rebound.
19:48 of 2nd period - Wrist shot by Bernt-Erik Takkinen.
19:48 of 2nd period - Stopped by Lars-Bjorn Sundholm with a rebound.
19:54 of 2nd period - Snap shot by Patrik Kosatka.
19:54 of 2nd period - Stopped by Lars-Bjorn Sundholm with a rebound.
19:56 of 2nd period - Wrist shot by Bernt-Erik Takkinen.
19:56 of 2nd period - Deflect By Carl Stiles.
19:56 of 2nd period - Shot Misses the Net.
19:56 of 2nd period - Puck is out of play.
19:57 of 2nd period - Wray Flamand wins face-off versus Dalen Palmateer in Muertos zone.
Goals for this period are 0 for Muertos vs 2 for Stormbreakers.
Shots for this period are 6 for Muertos vs 8 for Stormbreakers.
3rd Period

0:01 of 3rd period - Wray Flamand wins face-off versus Dalen Palmateer in neutral zone.
0:26 of 3rd period - Keli Parayko is hit by Akio Nishiwaki and loses puck.
0:52 of 3rd period - Luke Vanni is hit by Ken Maclewis and loses puck.
1:37 of 3rd period - Dalen Palmateer is hit by Anrei Loukonen and loses puck.
2:28 of 3rd period - Backhand shot by Hale Labrecque.
2:28 of 3rd period - Goal by Hale Labrecque - Muertos : 1 - Stormbreakers : 2.
2:29 of 3rd period - Wray Flamand wins face-off versus Zackary Nowry in neutral zone.
2:34 of 3rd period - Slapshot by Keli Parayko.
2:34 of 3rd period - Shot Blocked by Casey Mctavish.
2:36 of 3rd period - Snap shot by Wray Flamand.
2:36 of 3rd period - Stopped by Lars-Bjorn Sundholm with a rebound.
2:38 of 3rd period - Snap shot by Wray Flamand.
2:38 of 3rd period - Deflect By Jan Poulsen.
2:38 of 3rd period - Stopped by Lars-Bjorn Sundholm with a rebound.
2:40 of 3rd period - Snap shot by Anrei Loukonen.
2:40 of 3rd period - Stopped by Lars-Bjorn Sundholm with a rebound.
2:42 of 3rd period - Slapshot by Jerri Narmala.
2:42 of 3rd period - Stopped by Lars-Bjorn Sundholm with a rebound.
3:05 of 3rd period - Wrist shot by Feng Xingyi.
3:05 of 3rd period - Stopped by Karl Pyy without a rebound.
3:06 of 3rd period - Hale Labrecque wins face-off versus Wray Flamand in Stormbreakers zone.
3:13 of 3rd period - Wrist shot by Hale Labrecque.
3:13 of 3rd period - Stopped by Karl Pyy with a rebound.
3:15 of 3rd period - Slapshot by Elie Van Der Male.
3:15 of 3rd period - Shot Misses the Net.
3:17 of 3rd period - Slapshot by Casey Mctavish.
3:17 of 3rd period - Stopped by Karl Pyy with a rebound.
3:19 of 3rd period - Snap shot by Vsevolod Neretin.
3:19 of 3rd period - Shot Misses the Net.
3:21 of 3rd period - Snap shot by Carl Stiles.
3:21 of 3rd period - Stopped by Karl Pyy with a rebound.
4:08 of 3rd period - Snap shot by Israel Swenson.
4:08 of 3rd period - Stopped by Lars-Bjorn Sundholm without a rebound.
4:09 of 3rd period - Dalen Palmateer wins face-off versus Wray Flamand in Muertos zone.
4:26 of 3rd period - Snap shot by Feng Xingyi.
4:26 of 3rd period - Shot Misses the Net.
4:36 of 3rd period - Elie Van Der Male is hit by Per-Axel Ekengren and loses puck.
4:41 of 3rd period - Wrist shot by Ivan Crete.
4:41 of 3rd period - Shot Misses the Net.
4:43 of 3rd period - Slapshot by Rodion Betremeyev.
4:43 of 3rd period - Shot Misses the Net.
4:45 of 3rd period - Slapshot by Ken Maclewis.
4:45 of 3rd period - Stopped by Lars-Bjorn Sundholm without a rebound.
4:46 of 3rd period - Ivan Crete wins face-off versus Zackary Nowry in Muertos zone.
5:13 of 3rd period - Vladilen Avtomov is hit by Luke Vanni.
5:40 of 3rd period - Snap shot by Feng Xingyi.
5:40 of 3rd period - Shot Misses the Net.
5:42 of 3rd period - Snap shot by Bruno-Carl Young.
5:42 of 3rd period - Shot Blocked by Keli Parayko.
7:29 of 3rd period - Snap shot by Artem Ivalahti.
7:29 of 3rd period - Shot Blocked by Konosuke Matsui.
7:29 of 3rd period - Konosuke Matsui from Stormbreakers is injured at 7:29 of 3rd period (Right Foot).
7:30 of 3rd period - Zackary Nowry wins face-off versus Wray Flamand in Stormbreakers zone.
7:45 of 3rd period - Slapshot by Jerri Narmala.
7:45 of 3rd period - Stopped by Lars-Bjorn Sundholm without a rebound.
7:46 of 3rd period - Ivan Crete wins face-off versus Dalen Palmateer in Muertos zone.
7:51 of 3rd period - Slapshot by Rodion Betremeyev.
7:51 of 3rd period - Shot Misses the Net.
7:53 of 3rd period - Snap shot by Rodion Betremeyev.
7:53 of 3rd period - Stopped by Lars-Bjorn Sundholm without a rebound.
7:54 of 3rd period - Ivan Crete wins face-off versus Dalen Palmateer in Muertos zone.
7:57 of 3rd period - Wrist shot by Rodion Betremeyev.
7:57 of 3rd period - Shot Misses the Net.
7:59 of 3rd period - Wrist shot by Ivan Crete.
7:59 of 3rd period - Stopped by Lars-Bjorn Sundholm with a rebound.
8:01 of 3rd period - Wrist shot by Ivan Crete.
8:01 of 3rd period - Shot Misses the Net.
8:03 of 3rd period - Snap shot by Per-Axel Ekengren.
8:03 of 3rd period - Stopped by Lars-Bjorn Sundholm without a rebound.
8:04 of 3rd period - Elie Van Der Male wins face-off versus Wray Flamand in Muertos zone.
8:09 of 3rd period - Snap shot by Anrei Loukonen.
8:09 of 3rd period - Stopped by Lars-Bjorn Sundholm with a rebound.
8:11 of 3rd period - Wrist shot by Anrei Loukonen.
8:11 of 3rd period - Stopped by Lars-Bjorn Sundholm without a rebound.
8:12 of 3rd period - Wray Flamand wins face-off versus Elie Van Der Male in Muertos zone.
8:23 of 3rd period - Snap shot by Jan Poulsen.
8:23 of 3rd period - Stopped by Lars-Bjorn Sundholm with a rebound.
8:25 of 3rd period - Slapshot by Anrei Loukonen.
8:25 of 3rd period - Stopped by Lars-Bjorn Sundholm with a rebound.
8:27 of 3rd period - Slapshot by Rasmus Koso.
8:27 of 3rd period - Shot Blocked by Donavon Sorley.
8:29 of 3rd period - Wrist shot by Wray Flamand.
8:29 of 3rd period - Stopped by Lars-Bjorn Sundholm with a rebound.
8:31 of 3rd period - Snap shot by Rasmus Koso.
8:31 of 3rd period - Shot Blocked by Akio Nishiwaki.
8:33 of 3rd period - Wrist shot by Anrei Loukonen.
8:33 of 3rd period - Shot Blocked by Akio Nishiwaki.
8:35 of 3rd period - Slapshot by Ken Maclewis.
8:35 of 3rd period - Shot Misses the Net.
8:37 of 3rd period - Wrist shot by Jan Poulsen.
8:37 of 3rd period - Shot Misses the Net.
8:39 of 3rd period - Snap shot by Anrei Loukonen.
8:39 of 3rd period - Stopped by Lars-Bjorn Sundholm with a rebound.
8:41 of 3rd period - Wrist shot by Anrei Loukonen.
8:41 of 3rd period - Stopped by Lars-Bjorn Sundholm without a rebound.
8:42 of 3rd period - Ivan Crete wins face-off versus Zackary Nowry in Muertos zone.
8:55 of 3rd period - Slapshot by Per-Axel Ekengren.
8:55 of 3rd period - Shot Misses the Net.
8:57 of 3rd period - Slapshot by Ken Maclewis.
8:57 of 3rd period - Stopped by Lars-Bjorn Sundholm with a rebound.
8:59 of 3rd period - Snap shot by Rodion Betremeyev.
8:59 of 3rd period - Deflect By Per-Axel Ekengren.
8:59 of 3rd period - Shot Blocked by Carl Stiles.
8:59 of 3rd period - Puck is out of play.
9:00 of 3rd period - Dalen Palmateer wins face-off versus Zane Bourbonnais in Muertos zone.
9:11 of 3rd period - Snap shot by Israel Swenson.
9:11 of 3rd period - Deflect By Moses Schira.
9:11 of 3rd period - Stopped by Lars-Bjorn Sundholm with a rebound.
10:04 of 3rd period - Wrist shot by Hale Labrecque.
10:04 of 3rd period - Stopped by Karl Pyy with a rebound.
10:16 of 3rd period - Snap shot by Bernt-Erik Takkinen.
10:16 of 3rd period - Shot Misses the Net.
10:18 of 3rd period - Slapshot by Vladilen Avtomov.
10:18 of 3rd period - Stopped by Lars-Bjorn Sundholm without a rebound.
10:19 of 3rd period - Dalen Palmateer wins face-off versus Blaz Ivanic in Muertos zone.
10:45 of 3rd period - Zackary Nowry is hit by Moses Schira and loses puck.
11:08 of 3rd period - Per-Axel Ekengren is hit by Casey Mctavish.
11:35 of 3rd period - Akio Nishiwaki is hit by Jan Poulsen and loses puck.
12:15 of 3rd period - Wrist shot by Zackary Nowry.
12:15 of 3rd period - Shot Hit the Post.
12:37 of 3rd period - Ivan Crete is hit by Akio Nishiwaki and loses puck.
13:00 of 3rd period - Wrist shot by Feng Xingyi.
13:00 of 3rd period - Stopped by Karl Pyy with a rebound.
13:02 of 3rd period - Backhand shot by Casey Mctavish.
13:02 of 3rd period - Stopped by Karl Pyy with a rebound.
13:12 of 3rd period - Vladilen Avtomov is hit by Casey Mctavish and loses puck.
13:19 of 3rd period - Snap shot by Kody Schutz.
13:19 of 3rd period - Shot Misses the Net.
13:33 of 3rd period - Israel Swenson is hit by Donavon Sorley and loses puck.
13:38 of 3rd period - Wrist shot by Donavon Sorley.
13:38 of 3rd period - Shot Blocked by Moses Schira.
13:40 of 3rd period - Slapshot by Donavon Sorley.
13:40 of 3rd period - Shot Misses the Net.
13:42 of 3rd period - Snap shot by Donavon Sorley.
13:42 of 3rd period - Stopped by Karl Pyy without a rebound.
13:43 of 3rd period - Dalen Palmateer wins face-off versus Ivan Crete in Stormbreakers zone.
13:44 of 3rd period - Snap shot by Feng Xingyi.
13:44 of 3rd period - Shot Misses the Net.
13:50 of 3rd period - Dalen Palmateer is hit by Ivan Crete and loses puck.
14:34 of 3rd period - Snap shot by Israel Swenson.
14:34 of 3rd period - Shot Misses the Net.
14:42 of 3rd period - Wrist shot by Moses Schira.
14:42 of 3rd period - Shot Blocked by Zackary Nowry.
14:44 of 3rd period - Slapshot by Rasmus Koso.
14:44 of 3rd period - Deflect By Israel Swenson.
14:44 of 3rd period - Stopped by Lars-Bjorn Sundholm without a rebound.
14:45 of 3rd period - Elie Van Der Male wins face-off versus Ivan Crete in Muertos zone.
14:45 of 3rd period - Elie Van Der Male is hit by Ivan Crete.
15:11 of 3rd period - Artem Ivalahti is hit by Moses Schira.
15:40 of 3rd period - Patrik Kosatka is hit by Akio Nishiwaki and loses puck.
16:22 of 3rd period - Ivan Crete is hit by Akio Nishiwaki and loses puck.
16:27 of 3rd period - Snap shot by Kody Schutz.
16:27 of 3rd period - Shot Blocked by Per-Axel Ekengren.
16:45 of 3rd period - Snap shot by Bruno-Carl Young.
16:45 of 3rd period - Stopped by Karl Pyy with a rebound.
17:27 of 3rd period - Icing by Wray Flamand.
17:28 of 3rd period - Elie Van Der Male wins face-off versus Wray Flamand in Stormbreakers zone.
17:44 of 3rd period - Icing by Jerri Narmala.
17:45 of 3rd period - Wray Flamand wins face-off versus Dalen Palmateer in Stormbreakers zone.
17:52 of 3rd period - Snap shot by Jan Poulsen.
17:52 of 3rd period - Shot Blocked by Carl Stiles.
18:10 of 3rd period - Jan Poulsen is hit by Zackary Nowry and loses puck.
18:21 of 3rd period - Wrist shot by Kody Schutz.
18:21 of 3rd period - Stopped by Karl Pyy with a rebound.
18:23 of 3rd period - Wrist shot by Artem Ivalahti.
18:23 of 3rd period - Shot Blocked by Jan Poulsen.
18:48 of 3rd period - Off-side.
18:49 of 3rd period - Stanley Cyncar call a timeout for Muertos.
18:49 of 3rd period - Dalen Palmateer wins face-off versus Ivan Crete in neutral zone.
19:00 of 3rd period - Muertos, Lars-Bjorn Sundholm is pulled from the net.
19:00 of 3rd period - Snap shot by Dalen Palmateer.
19:00 of 3rd period - Stopped by Karl Pyy with a rebound.
19:20 of 3rd period - Slapshot by Dalen Palmateer.
19:20 of 3rd period - Shot Misses the Net.
19:45 of 3rd period - Snap shot by Hale Labrecque.
19:45 of 3rd period - Shot Blocked by Ivan Crete.
19:59 of 3rd period - Snap shot by Anrei Loukonen.
19:59 of 3rd period - Shot Misses the Net.
Goals for this period are 1 for Muertos vs 0 for Stormbreakers.
Shots for this period are 12 for Muertos vs 21 for Stormbreakers.

3 STARS

1st Star
G
0
SA 32
GA 1
SV% 0.969
TOI 60:00
2nd Star
G
1
SA 41
GA 2
SV% 0.951
TOI 59:00
3rd Star
D
5
G 0
A 0
+/- 1
TOI 28:02

Game Stats

MUE
VS
STM
1 Goals 2
32 Shots 41
12 Blocked Shots 12
21 Missed Shots 24
51 Faceoff % 49
2 Power Plays 0
0 Power Play Goals 0
0 Power Play % 0

GAME DETAILS

VENUE
Unknown
CITY
Unknown
REFEREES
Brad Meier, Nate Kozari
LINESMEN
Gavin Nieto, Devin Blada
ATTENDANCE
16,281